 Dungeon Crawl Stone Soup version 0.23-a0-643-g9ccc95a (webtiles) character file.

301 Lanoc the Slasher (level 6, 0/54 (55) HPs)
             Began as a Minotaur Chaos Knight on Dec 31, 2018.
             Was a Plaything of Xom.
             Slain by an ogre
             ... wielding a +0 giant club
              (29 damage)
             ... on level 4 of the Dungeon.
             The game lasted 00:03:57 (2055 turns).

Lanoc the Slasher (Minotaur Chaos Knight)           Turns: 2055, Time: 00:03:59

HP:   0/54 (55)     AC:  5    Str: 18    XL:     6   Next: 14%
MP:   5/5           EV: 13    Int:  9    God:    Xom [......]
Gold: 148           SH:  0    Dex: 13    Spells: 5/5 levels left

rFire    . . .     SeeInvis .   t - +6 whip of Honour {flame, Dex+3}
rCold    . . .     Gourm    .   (no shield)
rNeg     . . .     Faith    .   b - +2 leather armour
rPois    .         Spirit   .   (helmet restricted)
rElec    .         Reflect  .   (no cloak)
rCorr    .         Harm     .   (no gloves)
MR       .....                  (no boots)
Stlth    +.........             (no amulet)
HPRegen  0.18/turn              (no ring)
MPRegen  0.09/turn              (no ring)

@: no status effects
A: retaliatory headbutt, horns 2
a: Renounce Religion


You were on level 4 of the Dungeon.
You worshipped Xom.
You were a very special plaything of Xom.
You were not hungry.

You visited 1 branch of the dungeon, and saw 4 of its levels.

You collected 148 gold pieces.

Inventory:

Hand Weapons
 a - a +0 falchion of chaos
 t - the +6 whip of Honour (weapon) {flame, Dex+3}
   (You found it on level 4 of the Dungeon)

   It has been specially enchanted to burn those struck by it, causing extra
   injury to most foes and up to half again as much damage against particularly
   susceptible opponents.
   It affects your dexterity (+3).
Missiles
 l - 42 bolts
Armour
 b - a +2 leather armour (worn)
Jewellery
 f - an uncursed ring of poison resistance {unknown}
Scrolls
 d - a scroll of random uselessness {unknown}
 e - 7 scrolls of identify {unknown}
 g - 2 scrolls of enchant armour {unknown}
 h - a scroll of teleportation {unknown}
 k - a scroll of noise {unknown}
 n - a scroll of enchant weapon {unknown}
 o - 4 scrolls of remove curse {unknown}
 q - a scroll of amnesia {unknown}
 s - a scroll of fog {unknown}
Potions
 i - a potion of flight {unknown}
 j - 2 potions of resistance {unknown}
 m - a potion of invisibility {unknown}
 p - a potion of curing {unknown}
 r - a potion of agility {unknown}
Comestibles
 c - 10 rations


   Skills:
 + Level 4.9 Fighting
 * Level 6.0 Long Blades
 + Level 4.0 Armour
 + Level 3.1 Dodging


You had 5 spell levels left.
You didn't know any spells.
Your spell library was empty.

Dungeon Overview and Level Annotations

Branches:
Dungeon (4/15)
 Temple: D:4-7

Altars:
Makhleb
Okawaru
Trog
Vehumet

Shops:
D:4 (

Annotations:
D:4 Eustachio, Ijyb


Innate Abilities, Weirdness & Mutations

You reflexively headbutt those who attack you in melee.
You have a pair of horns on your head.


Message History

Ijyb the Twisted Goblin comes into view.
She is carrying a wand of acid (10).
Ijyb shouts! "Over there now!"
Ijyb blinks!
The ogre blinks!
You are now a very special plaything of Xom.
Ijyb hits you.
You whack Ijyb! You burn Ijyb.
Ijyb is heavily wounded.
Ijyb hits you but does no damage.
You closely miss Ijyb.
Ijyb is heavily wounded.
The ogre barely misses you. Ijyb misses you. You furiously retaliate!
You headbutt Ijyb. You closely miss Ijyb.
Ijyb is heavily wounded.
Ijyb hits you but does no damage.
The ogre hits you with a +0 giant club!!
Ouch! That really hurt!
You die...
Xom giggles madly!

.####...#.##
.#####.#
........##.## #
#.#
###..##...#.#
#.#
....#####.###
#.# ##### ###
#.# # #.# # #.#
#
...##########.#
#
......g@O.....#
#
..)############
# # ####.g
......####
.......>.#
.........# .
.........#


You could see an ogre and Ijyb.

Vanquished Creatures
  A centaur (D:2)
  A bullfrog skeleton (D:2)
  An orc priest (D:3)
  Terence (D:3)
  4 gnolls (D:2)
  4 adders
  A worm (D:2)
  5 leopard geckos
  3 orcs (D:3)
  9 bats
  4 giant cockroaches
  6 goblins
  3 hobgoblins
  3 jackals (D:3)
  3 kobolds
  A quokka (shapeshifter) (D:3)
  A quokka (D:2)
  6 frilled lizards
  9 rats
66 creatures vanquished.

Notes
Turn   | Place    | Note
-------+----------+-------------------------------------------
     0 | D:1      | Lanoc the Minotaur Chaos Knight began the quest for the
                  | Orb.
     0 | D:1      | Reached XP level 1. HP: 19/19 MP: 0/0
    32 | D:1      | XOM: silly message
    47 | D:1      | XOM: divination: detect creatures
   191 | D:1      | Reached XP level 2. HP: 25/27 MP: 1/1
   201 | D:1      | Reached skill level 4 in Long Blades
   346 | D:2      | XOM: mild Necr miscast
   412 | D:2      | Noticed a centaur
   414 | D:2      | Reached XP level 3. HP: 32/32 MP: 2/2
   419 | D:2      | Killed a centaur
   419 | D:2      | Reached skill level 5 in Long Blades
   419 | D:2      | Reached XP level 4. HP: 26/40 MP: 3/3
   424 | D:2      | Reached XP level 5. HP: 18/46 MP: 4/4
   613 | D:2      | Found an iron altar of Okawaru.
   863 | D:2      | Found a radiant altar of Vehumet.
   946 | D:2      | XOM: god gift: ration
  1079 | D:2      | XOM: cloud trail
  1375 | D:3      | Found a bloodstained altar of Trog.
  1377 | D:3      | Noticed Terence
  1389 | D:3      | Killed Terence
  1620 | D:3      | Reached XP level 6. HP: 45/54 MP: 5/5
  1899 | D:4      | Found a burning altar of Makhleb.
  1899 | D:4      | XOM: 3-stop teleportation journey
  1990 | D:4      | Reached skill level 6 in Long Blades
  1996 | D:4      | Noticed Eustachio
  2020 | D:4      | Found Jayl's Antique Weapon Shoppe.
  2022 | D:4      | Got a warped whip
  2024 | D:4      | Identified the +6 whip of Honour {flame, Dex+3} (You found
                  | it on level 4 of the Dungeon)
  2051 | D:4      | Noticed Ijyb
  2052 | D:4      | XOM: blink monster(s)
  2055 | D:4      | Slain by an ogre

Vault maps used:
D:1:      dpeg_arrival_arbitrary_c
D:2:      marbit_many_paths, nicolae_overflow_crystal_walls, dk_vineyard_1
D:3:      overflow_temple_1_default, uniq_terence
D:4:      wad_crossroads, bloody_makhleb, serial_shops, shop, uniq_eustachio,
          uniq_ijyb

Skill      XL: |  1  2  3  4  5  6 |
---------------+-------------------+-----
Long Blades    | 4 5 6 |  6.0
Fighting       | 4 |  4.9
Armour         | 3 4 |  4.0
Dodging        | 2 3 |  3.1

Action                   |  1- 3 |  4- 6 || total
-------------------------+-------+-------++-------
Melee: Falchion          |    32 |   103 ||   135
       Headbutt          |     9 |    20 ||    29
       Whip              |       |     3 ||     3
 Stab: Paralysed         |       |     1 ||     1
  Eat: Chunk             |       |     4 ||     4
Armor: Leather armour    |    17 |    26 ||    43
Dodge: Dodged            |    19 |    61 ||    80
       Rpst.: Falchion   |     5 |    15 ||    20

Table legend:
 A = Non-vault XP
 B = Vault XP
 C = Vault XP percentage of total XP
 D = Non-vault monster count
 E = Vault monster count
 F = Vault count percentage of total count
                 A         B        C        D         E       F
            +---------+---------+-------+---------+---------+-------
      Total |     387 |      43 |  10.0 |      62 |       4 |   6.1
            +---------+---------+-------+---------+---------+-------
        D:1 |      18 |       0 |   0.0 |      11 |       0 |   0.0
        D:2 |     241 |       2 |   0.8 |      21 |       1 |   4.5
        D:3 |     101 |      36 |  26.3 |      27 |       1 |   3.6
        D:4 |      27 |       5 |  15.6 |       3 |       2 |  40.0
            +---------+---------+-------+---------+---------+-------
